 Dungeon Crawl Stone Soup version 0.31-a0-164-g2312942fda (webtiles) character file.

Game seed: 1564908332613003111

212 qw the Shooter (level 5, -2/33 HPs)
             Began as a Gargoyle Hunter on June 13, 2023.
             Slain by a gnoll
             ... wielding a +1 spear of freezing
              (4 damage)
             ... on level 4 of the Dungeon.
             The game lasted 00:01:05 (2632 turns).

qw the Shooter (Gargoyle Hunter)                    Turns: 2632, Time: 00:01:05

Health: -2/33      AC:  9    Str: 15    XL:     5   Next: 90%
Magic:  5/5        EV: 11    Int:  9    God:
Gold:   159        SH:  0    Dex: 15    Spells: 4/4 levels left

rFire   . . .        Y - +1 shortbow
rCold   . . .        (shield currently unavailable)
rNeg    + + .        k - +1 leather armour of Nokkui {rPois rN+}
rPois   inf          (no helmet)
rElec   +            (no cloak)
rCorr   .            g - +0 pair of gloves
SInv    .            (no boots)
Will    .....        (no amulet)
Stlth   ++           (no ring)
HPRegen 0.25/turn    (no ring)
MPRegen 0.09/turn

%: no passive effects
@: about to teleport
A: sickness immunity, AC +4, negative energy resistance 1, electricity
resistance, torment resistance 1, petrification resistance
a: no special abilities


You were on level 4 of the Dungeon.
You visited 1 branch of the dungeon, and saw 4 of its levels.

You collected 159 gold pieces.


Innate Abilities, Weirdness & Mutations

You are immune to sickness and miasma.
Your stone body is resilient. (AC +4)
You are immune to poison.
You resist negative energy. (rN+)
You are resistant to electric shocks. (rElec)
You are resistant to unholy torment.
You are immune to petrification.


   Skills:
 + Level 3.8 Fighting
 - Level 6.1 Ranged Weapons
 - Level 1.2 Armour
 - Level 1.5 Dodging
 - Level 1.1 Stealth


You had 4 spell levels left.
You didn't know any spells.
Your spell library was empty.

Inventory:

Hand Weapons
 Y - a +1 shortbow (weapon)
Armour
 g - a +0 pair of gloves (worn)
 k - the +1 leather armour of Nokkui (worn) {rPois rN+}
   (You found it on level 3 of the Dungeon)

   rPois:     It protects you from poison.
   rN:        It protects you from negative energy.
Scrolls
 c - a scroll of blinking {unknown}
 l - 4 scrolls of identify
Potions
 a - a potion of enlightenment {unknown}
 b - a potion of attraction
 d - a potion of cancellation {unknown}
 f - a potion of mutation {unknown}
 h - a potion of heal wounds {unknown}
 i - a potion of haste {unknown}
 j - a potion of resistance
 m - a potion of lignification {unknown}

Dungeon Overview and Level Annotations

Branches:
Dungeon (4/15)             Temple (0/1) D:4

Altars:
Ashenzari
Gozag

Annotations:
D:3 2 transporters, qw's ghost, amateur NaHu


Message History

You hear a shout!
You shoot an arrow. The arrow barely misses the orc.
The arrow hits the orc warrior but does no damage.
You shoot an arrow. The arrow hits the orc!
You kill the orc!
You shoot an arrow.
The arrow hits the orc warrior but does no damage.
A gnoll comes into view. It is wielding a +1 spear of freezing.
An orc comes into view. It is wielding a +0 club.
You shoot an arrow.
The arrow hits the orc warrior but does no damage.
You shoot an arrow. The arrow hits the orc warrior.
The orc warrior is lightly wounded.
The orc warrior throws a boomerang.
The boomerang hits you!
The gnoll throws a throwing net.
The throwing net completely misses you.
You shoot an arrow. The arrow hits the orc warrior.
The orc warrior is moderately wounded.
The orc warrior hits you with a +0 battleaxe.
You shoot an arrow.
The arrow barely misses the orc warrior.
The arrow barely misses the orc.
The orc warrior hits you with a +0 battleaxe!
A gnoll comes into view. It is wielding a +0 whip.
2630 ||| READING scroll of teleportation.
As you read the scroll of teleportation, it crumbles to dust.
You feel strangely unstable. The orc hits you with a +0 club.
The orc warrior hits you with a +0 battleaxe.
You shoot an arrow. The gnoll shouts!
The arrow hits the orc warrior but does no damage.
The orc warrior is moderately wounded.
The gnoll hits you but does no damage. The orc warrior completely misses you.
The orc hits you but does no damage.
A gnoll comes into view. It is wielding a +0 halberd.
You shoot an arrow.
The arrow hits the orc warrior but does no damage.
The orc warrior is moderately wounded.
The gnoll hits you from afar with a +1 spear of freezing.
You die...

.#.....## .......# ...
........ <... ........#
..!# .......... ##..# .
........... .... .##
(..........###.## ...##.
##...[.......#..##......
.#.........g....@oo$....
....)#.#.g....g..o.....#
....## #.........#.##...
#..###.#.......####)# .
#.............#### ...
#.##............# ...
...........#..#.........
...........#.###########
.......##..#..#.##.....#


You could see an orc warrior, 3 gnolls and 2 orcs.

Vanquished Creatures
  2 orc priests (D:3)
  An iguana (D:4)
  An orc wizard (D:3)
  5 adders
  2 dart slugs
  3 orcs
  A ball python (D:1)
  2 endoplasms (D:4)
  A giant cockroach (D:1)
  10 goblins
  3 hobgoblins
  3 jackals (D:2)
  2 quokkas (D:1)
  7 bats
  A frilled lizard (D:2)
  7 kobolds
  2 rats
53 creatures vanquished.

Notes
Turn   | Place    | Note
-------+----------+-------------------------------------------
     0 | D:1      | qw the Gargoyle Hunter began the quest for the Orb.
     0 | D:1      | Reached XP level 1. HP: 12/12 MP: 1/1
     0 | D:1      | 0 ||| qw: Version: 0.2-a-29-gc1b59c4
     0 | D:1      | 0 ||| qw: Game counter: 4545
     0 | D:1      | 0 ||| qw: Always use a shield: true
     0 | D:1      | 0 ||| qw: God list: Okawaru
     0 | D:1      | 0 ||| qw: Allow faded altars: false
     0 | D:1      | 0 ||| qw: Do Orc after D:15 true
     0 | D:1      | 0 ||| qw: Do second Lair branch before Depths: true
     0 | D:1      | 0 ||| qw: Lair rune preference: random
     0 | D:1      | 0 ||| qw: Plans: Normal, Zot:1-4, Slime:5, God:TSO, Crypt,
                  | Tomb, Abyss, Pan, Hells, Win
     0 | D:1      | 0 ||| PLANNING D:1-11
   246 | D:1      | Reached XP level 2. HP: 17/17 MP: 2/2
   838 | D:1      | 838 ||| READING scroll labelled ZOW ORREEQOOSM.
   839 | D:1      | 839 ||| READING scroll labelled SUWAIS TIQE.
   843 | D:1      | 843 ||| READING scroll labelled NIOVOB YNEIPS.
   844 | D:1      | 844 ||| DRINKING 2 clear potions.
   845 | D:1      | 845 ||| DROPPING scroll of butterflies.
   846 | D:1      | 846 ||| DROPPING potion of invisibility.
   877 | D:2      | Reached XP level 3. HP: 21/21 MP: 3/3
   905 | D:2      | Reached skill level 5 in Ranged Weapons
   921 | D:2      | Found an opulent altar of Gozag.
  1153 | D:2      | Reached skill level 3 in Fighting
  1343 | D:2      | Reached XP level 4. HP: 28/28 MP: 4/4
  1464 | D:2      | Found a faded altar of an unknown god.
  1472 | D:2      | 1472 ||| UPGRADING to +0 pair of gloves.
  1477 | D:2      | 1477 ||| READING scroll labelled QEAREN NAAZUNA.
  1478 | D:2      | 1478 ||| READING scroll labelled OMIDYSOETA.
  1479 | D:2      | 1479 ||| DRINKING 2 golden potions.
  1480 | D:2      | 1480 ||| DRINKING 2 bubbling silvery potions.
  1744 | D:3      | Found a transporter.
  1747 | D:3      | Noticed qw's ghost (amateur NaHu)
  1753 | D:3      | Identified the +1 leather armour of Nokkui {rPois rN+}
  1786 | D:3      | 1786 ||| FLEEEEING.
  1787 | D:3      | 1787 ||| FLEEEEING.
  1788 | D:3      | 1788 ||| FLEEEEING.
  1791 | D:3      | 1791 ||| FLEEEEING.
  1792 | D:3      | 1792 ||| FLEEEEING.
  1793 | D:3      | 1793 ||| FLEEEEING.
  1794 | D:3      | 1794 ||| FLEEEEING.
  1795 | D:3      | 1795 ||| FLEEEEING.
  1800 | D:3      | 1800 ||| FLEEEEING.
  1801 | D:3      | 1801 ||| FLEEEEING.
  1802 | D:3      | 1802 ||| FLEEEEING.
  1803 | D:3      | 1803 ||| FLEEEEING.
  1804 | D:3      | 1804 ||| FLEEEEING.
  1805 | D:3      | 1805 ||| FLEEEEING.
  1806 | D:3      | 1806 ||| FLEEEEING.
  1813 | D:3      | 1813 ||| FLEEEEING.
  1814 | D:3      | 1814 ||| FLEEEEING.
  1815 | D:3      | 1815 ||| FLEEEEING.
  1827 | D:3      | 1827 ||| FLEEEEING.
  1828 | D:3      | 1828 ||| FLEEEEING.
  1829 | D:3      | 1829 ||| FLEEEEING.
  1830 | D:3      | 1830 ||| FLEEEEING.
  1848 | D:3      | HP: 6/28 [orc priest/divine providence (10)]
  1849 | D:3      | 1849 ||| READING 2 scrolls of teleportation.
  1853 | D:3      | Reached skill level 6 in Ranged Weapons
  1853 | D:3      | Reached XP level 5. HP: 5/32 MP: 5/5
  1857 | D:3      | 1857 ||| FLEEEEING.
  1858 | D:3      | 1858 ||| FLEEEEING.
  1859 | D:3      | 1859 ||| FLEEEEING.
  1860 | D:3      | 1860 ||| FLEEEEING.
  1861 | D:3      | 1861 ||| FLEEEEING.
  1862 | D:3      | 1862 ||| FLEEEEING.
  1863 | D:3      | 1863 ||| FLEEEEING.
  1864 | D:3      | 1864 ||| FLEEEEING.
  1865 | D:3      | 1865 ||| FLEEEEING.
  1866 | D:3      | 1866 ||| FLEEEEING.
  1867 | D:3      | 1867 ||| FLEEEEING.
  1869 | D:3      | 1869 ||| STAIRDANCE
  1957 | D:2      | 1957 ||| UPGRADING to +1 leather armour of Nokkui {rPois
                  | rN+}.
  1967 | D:2      | 1967 ||| DROPPING +0 leather armour.
  1968 | D:2      | 1968 ||| READING scroll labelled BILEQOY JADI.
  1988 | D:3      | Reached skill level 1 in Armour
  2090 | D:3      | Found a transporter.
  2346 | D:4      | 2346 ||| PLANNING SEWER
  2524 | D:4      | Found a staircase to the Ecumenical Temple.
  2598 | D:4      | Found a broken altar of Ashenzari.
  2621 | D:4      | Noticed an orc warrior
  2629 | D:4      | HP: 8/33 [orc warrior/+0 battleaxe (8)]
  2630 | D:4      | 2630 ||| READING scroll of teleportation.
  2630 | D:4      | HP: 1/33 [orc warrior/+0 battleaxe (3)]
  2632 | D:4      | Slain by a gnoll

Levels and vault maps discovered:
D:1:      lordsloth_arrival_two_stooges, layout_basic
D:2:      layout_basic, basic_altar, hellmonk_ecumenical_altar_zigzags
D:3:      layout_basic, gammafunk_ghost_mausoleum, minmay_misc_feat_tower
D:4:      layout_cave_pools, mainiacjoe_overflow_alcove_4,
          nicolae_overflow_hidden_temple, minmay_temple_entry_statues_pillars,
          cheibrodos_sewer_entry_bend, uniq_blork_the_orc

Skill      XL: |  1  2  3  4  5 |
---------------+----------------+-----
Ranged Weapons | 5 6 |  6.1
Fighting       | 3 |  3.8
Armour         | 1 |  1.2
Dodging        | |  1.5
Stealth        | |  1.1

Action                     |  1- 3 |  4- 6 || total
---------------------------+-------+-------++-------
   Fire: Shortbow          |    81 |   118 ||   199
    Use: Scroll            |     3 |     5 ||     8
         Potion            |     1 |     2 ||     3
 Armour: Leather armour    |     4 |    38 ||    42
  Dodge: Dodged            |     6 |    45 ||    51

Table legend:
 A = Non-vault XP
 B = Vault XP
 C = Vault XP percentage of total XP
 D = Non-vault monster count
 E = Vault monster count
 F = Vault count percentage of total count
                 A         B        C        D         E       F
            +---------+---------+-------+---------+---------+-------
      Total |     304 |       0 |   0.0 |      53 |       0 |   0.0
            +---------+---------+-------+---------+---------+-------
        D:1 |      32 |       0 |   0.0 |      19 |       0 |   0.0
        D:2 |      58 |       0 |   0.0 |      14 |       0 |   0.0
        D:3 |     145 |       0 |   0.0 |      10 |       0 |   0.0
        D:4 |      69 |       0 |   0.0 |      10 |       0 |   0.0
            +---------+---------+-------+---------+---------+-------
